 Dungeon Crawl Stone Soup version 0.26-a0-996-g6b303dbc09 (webtiles) character file.

Game seed: 9903746156849312075

105 Morbidden the Conjurer (level 4, 32/32 HPs)
             Began as a Demonspawn Conjurer on Dec 6, 2020.
             Quit the game on level 2 of the Dungeon.
             The game lasted 00:02:30 (2898 turns).

Morbidden the Conjurer (Demonspawn Conjurer)        Turns: 2898, Time: 00:02:30

Health: 32/32      AC:  5    Str:  7    XL:     4   Next: 54%
Magic:  8/8        EV: 12    Int: 20    God:
Gold:   152        SH:  0    Dex: 12    Spells: 5/8 levels left

rFire    . . .     SeeInvis .   (no weapon)
rCold    . . .     Faith    .   (no shield)
rNeg     . . .     Spirit   .   a - +0 robe
rPois    .         Reflect  .   (no helmet)
rElec    .         Harm     .   (no cloak)
rCorr    .         Rampage  .   (no gloves)
MR       .....                  (no boots)
Stlth    ++........             (no amulet)
HPRegen  0.10/turn              p - ring of stealth
MPRegen  0.11/turn              c - ring of attention (curse)

@: no status effects
A: icy blue scales 2, powered by death 1
a: no special abilities


You were on level 2 of the Dungeon.
You visited 1 branch of the dungeon, and saw 2 of its levels.

You collected 152 gold pieces.

Inventory:

Armour
 a - a +0 robe (worn)
Jewellery
 c - a cursed ring of attention (right hand)
 j - a +6 ring of strength
 p - a ring of stealth (left hand)
Scrolls
 d - 7 scrolls of identify {unknown}
 e - a scroll of enchant weapon {unknown}
 g - 3 scrolls of magic mapping {unknown}
 h - 2 scrolls of remove curse {unknown}
 i - 2 scrolls of blinking {unknown}
 n - a scroll of immolation {unknown}
Potions
 b - a potion of attraction {unknown}
 f - a potion of berserk rage {unknown}
 k - 2 potions of curing {unknown}
 l - a potion of magic {unknown}
 m - a potion of invisibility {unknown}
 o - 2 potions of lignification {unknown}


   Skills:
 * Level 1.0 Fighting
 + Level 1.9 Dodging
 + Level 1.9 Stealth
 + Level 0.5 Unarmed Combat
 * Level 2.8 Spellcasting
 * Level 5.1 Conjurations


You had 5 spell levels left.
You knew the following spells:

 Your Spells              Type           Power        Failure   Level
a - Magic Dart            Conj           ###.         1%          1
b - Searing Ray           Conj           ###...       2%          2

Your spell library contained the following spells:

 Spells                   Type           Power        Failure   Level
 Dazzling Flash           Conj/Hex       ##....       16%         3
 Fulminant Prism          Conj/Hex       ##........   45%         4
 Iskenderun's Mystic Bla  Conj/Tloc      ##......     45%         4


Dungeon Overview and Level Annotations

Branches:
Dungeon (2/15)

Altars:
Fedhas
Vehumet
The Shining One


Innate Abilities, Weirdness & Mutations

You are mostly covered in icy blue scales. (AC +3)
You regenerate a little health from kills.


Message History

The magic dart hits the hobgoblin.
You kill the hobgoblin!
Unknown command.
Casting: Magic Dart (safe; 1% risk of failure)
Confirm with . or Enter, or press ? or * to list all spells.
You can't see any susceptible monsters within range! (Use Z to cast anyway.)
Casting: Magic Dart (safe; 1% risk of failure)
Confirm with . or Enter, or press ? or * to list all spells.
You can't see any susceptible monsters within range! (Use Z to cast anyway.) Unknown command.
Casting: Magic Dart (safe; 1% risk of failure)
Confirm with . or Enter, or press ? or * to list all spells.
You can't see any susceptible monsters within range! (Use Z to cast anyway.)
You start resting.
Magic restored.
Unknown command.
Okay, then.
Unknown command.
Okay, then.
Are you sure you want to abandon this character and quit the game? (Confirm with "yes".)

#.# #.# #.....
#.# #.#
#.###.#### #.#
#.# #.....#
#.# #.#
###...# #.#
#.# #...# #)#
#.# #...# #.#
#.# #...## #.#
#.# #....#
#@###.##
#..†.#
#.##...#
##...#
#....#.# ##.##
####...#
#.#### #####
###†....
####...####
#.........#
#.##...####
####.###....#≈


There were no monsters in sight!

Vanquished Creatures
  A hound (D:2)
  Terence (D:2)
  An adder (D:2)
  A worm (D:2)
  A dart slug (D:1)
  A leopard gecko (D:2)
  A giant cockroach (D:2)
  4 goblins
  4 hobgoblins (D:2)
  4 jackals (D:2)
  3 bats
  3 frilled lizards (D:2)
  5 kobolds
  7 rats
37 creatures vanquished.

Notes
Turn   | Place    | Note
-------+----------+-------------------------------------------
     0 | D:1      | Morbidden the Demonspawn Conjurer began the quest for the
                  | Orb.
     0 | D:1      | Reached XP level 1. HP: 13/13 MP: 3/3
   612 | D:1      | Gained mutation: You regenerate a little health from kills.
                  | [demonic ancestry]
   612 | D:1      | Reached XP level 2. HP: 19/19 MP: 1/5
  1190 | D:2      | Learned a level 2 spell: Searing Ray
  1201 | D:2      | Found a blossoming altar of Fedhas.
  1631 | D:2      | Gained mutation: You are partially covered in icy blue
                  | scales. (AC +2) [demonic ancestry]
  1631 | D:2      | Reached XP level 3. HP: 24/24 MP: 1/6
  1863 | D:2      | Reached skill level 5 in Conjurations
  1863 | D:2      | Gained mutation: You are mostly covered in icy blue scales.
                  | (AC +3) [demonic ancestry]
  1863 | D:2      | Reached XP level 4. HP: 4/31 MP: 0/7
  2352 | D:2      | Noticed Terence
  2385 | D:2      | Killed Terence
  2386 | D:2      | Reached skill level 1 in Fighting
  2709 | D:2      | Found a radiant altar of Vehumet.
  2709 | D:2      | Found a glowing golden altar of the Shining One.
  2898 | D:2      | Quit the game

Illustrated notes

Levels and vault maps discovered:
D:1:      dpeg_chamrin_arrival_tetris, layout_basic
D:2:      layout_loops_ring, gammafunk_temple_overflow_elements,
          lemuel_round_altar, kennysheep_generic_room_8, uniq_terence

Skill      XL: |  1  2  3  4 |
---------------+-------------+-----
Conjurations   | 5 |  5.1
Fighting       | 1 |  1.0
Dodging        | |  1.9
Stealth        | |  1.9
Unarmed Combat | |  0.5
Spellcasting   | |  2.8

Action                   |  1- 3 |  4- 6 || total
-------------------------+-------+-------++-------
Melee: Unarmed           |    32 |     2 ||    34
 Cast: Magic Dart        |    52 |    20 ||    72
       Searing Ray       |     2 |     1 ||     3
Armor: Robe              |     5 |     1 ||     6
Dodge: Dodged            |    20 |     9 ||    29

Table legend: (Time is in decaauts)
 A = Elapsed time spent in this place.
 B = Non-inter-level travel time spent in this place.
 C = Inter-level travel time spent in this place.
 D = Time resting spent in this place.
 E = Time spent auto-exploring this place.
 F = Levels seen in this place.
 G = Mean time per level.
                   A        B        C        D        E       F      G
               +--------+--------+--------+--------+--------+-----+--------+
         Total |   2896 |   2848 |     48 |    258 |   2342 |   2 | 1448.0 |
       Dungeon |   2896 |   2848 |     48 |    258 |   2342 |   2 | 1448.0 |
               +--------+--------+--------+--------+--------+-----+--------+

Top non-repeatable levels by time:
     D:2: 1746 daAuts
     D:1: 1150 daAuts
